 Dungeon Crawl Stone Soup version 0.30-a0-12-gd8047c6341 (webtiles) character file.

Game seed: 1690112084942126779

88 nickcage the Poker (level 4, -5/33 HPs)
             Began as a Merfolk Gladiator on Aug 23, 2022.
             Slain by a gnoll
             ... wielding a +0 halberd
              (6 damage)
             ... on level 2 of the Dungeon.
             The game lasted 00:03:40 (1589 turns).

nickcage the Poker (Merfolk Gladiator)              Turns: 1589, Time: 00:03:40

Health: -5/33      AC:  5    Str: 16    XL:     4   Next: 53%
Magic:  4/4        EV: 13    Int:  7    God:
Gold:   68         SH:  0    Dex: 15    Spells: 3/3 levels left

rFire   . . .      SeeInvis .    a - +0 trident
rCold   . . .      Faith    .    (no shield)
rNeg    . . .      Spirit   .    b - +0 leather armour
rPois   .          Reflect  .    c - +0 helmet
rElec   .          Harm     .    (no cloak)
rCorr   .          Rampage  .    g - +0 pair of gloves
Will    .....                    (no boots)
Stlth   +.........               (no amulet)
HPRegen 0.11/turn                (no ring)
MPRegen 0.09/turn                (no ring)

@: no status effects
A: (nimble swimmer 2), mertail
a: no special abilities


You were on level 2 of the Dungeon.
You visited 1 branch of the dungeon, and saw 2 of its levels.

You collected 68 gold pieces.

Inventory:

Hand Weapons
 a - a +0 trident (weapon)
Missiles
 d - 2 throwing nets
 e - a javelin
 m - 4 silver boomerangs (quivered)
Armour
 b - a +0 leather armour (worn)
 c - a +0 helmet (worn)
 g - a +0 pair of gloves (worn)
Jewellery
 f - a ring of fire
Scrolls
 j - a scroll of amnesia {unknown}
 n - a scroll of fear {unknown}
Potions
 h - a potion of lignification {unknown}
 i - a potion of curing {unknown}
 k - a potion of might {unknown}
 l - a potion of resistance {unknown}


   Skills:
 - Level 2.1 Fighting
 + Level 6.9 Polearms
 - Level 2.0 Throwing
 - Level 4.0 Dodging


You had 3 spell levels left.
You didn't know any spells.
Your spell library was empty.

Dungeon Overview and Level Annotations

Branches:
Dungeon (2/15)

Altars:

Shops:
D:1 [

Annotations:
D:1 Plate Cold 455g


Innate Abilities, Weirdness & Mutations

((You are very nimble when in or above water. (Stealth+, EV+, Speed+++)))
Your lower body shifts to a powerful aquatic tail in water.


Message History

You puncture the hobgoblin!
You kill the hobgoblin!
No target in view!
n - a scroll labelled GINIMUGOPP
There is a large open door here.
A gnoll comes into view. It is wielding a +0 flail.
The gnoll shouts!
You hear a shout!
A gnoll comes into view. It is wielding a +0 flail.
You reach to attack!
You puncture the gnoll!
The gnoll is severely wounded.
You reach to attack!
You closely miss the gnoll.
You reach to attack!
You closely miss the gnoll. The gnoll closely misses you.
You puncture the gnoll!
The gnoll is severely wounded.
The gnoll hits you with a +0 flail.
You puncture the gnoll!
You kill the gnoll!
The gnoll misses you. The gnoll attacks as you move away!
The gnoll closely misses you.
You closely miss the gnoll.
The gnoll is heavily wounded.
You hit the gnoll.
The gnoll is heavily wounded.
The gnoll barely misses you. x2
The gnoll misses you. The gnoll hits you with a +0 flail.
You hit the gnoll but do no damage. Your punch misses the gnoll.
The gnoll misses you. The gnoll hits you with a +0 halberd!
You puncture the gnoll!
The gnoll is heavily wounded.
The gnoll hits you with a +0 halberd!
* * * LOW HITPOINT WARNING * * *
The gnoll closely misses you.
You barely miss the gnoll.
The gnoll is heavily wounded.
The gnoll closely misses you. The gnoll hits you but does no damage.
You hit the gnoll.
The gnoll is heavily wounded.
The gnoll barely misses you. The gnoll hits you with a +0 halberd.
You die...

####......+......#....# ♣.##.♣#..
.......####.....##.##.# ♣#..#♣###
######.....#+##.##.##.# ♣♣♣♣♣♣###
# #.....+......>##.####### #..
######.....#..#....##.#.....#####
............................>#
......#.###.#.......##[......#
..###.#.###.#######.#......#.#
......#......#.g@........#.#.#
...#..########.##g#....#.#.#.#
..##..###### #g.#(#......#.#.####
............ ...#.#...####.#.....
##.#......g###..#.#......#.######
.....## # #..#.#..##.##.# #.#..#
#..#....##....# #.##....
####....####### #.##.###.# #....#


You could see 2 gnolls.

Vanquished Creatures
  2 gnolls (D:2)
  An adder (D:2)
  A worm (D:2)
  5 endoplasms
  3 giant cockroaches
  9 hobgoblins
  4 jackals (D:1)
  8 kobolds
  5 ball pythons
  3 bats
  5 frilled lizards
  4 goblins
  3 rats
53 creatures vanquished.

Notes
Turn   | Place    | Note
-------+----------+-------------------------------------------
     0 | D:1      | nickcage the Merfolk Gladiator began the quest for the Orb.
     0 | D:1      | Reached XP level 1. HP: 16/16 MP: 1/1
    30 | D:1      | Found Pacsok's Armour Boutique.
   110 | D:1      | Reached XP level 2. HP: 22/22 MP: 2/2
   192 | D:1      | Reached skill level 5 in Polearms
   347 | D:1      | Found a faded altar of an unknown god.
   486 | D:1      | Reached XP level 3. HP: 24/27 MP: 3/3
  1129 | D:2      | Reached skill level 6 in Polearms
  1225 | D:2      | Reached XP level 4. HP: 32/33 MP: 4/4
  1587 | D:2      | HP: 1/33 [gnoll/+0 halberd (14)]
  1589 | D:2      | Slain by a gnoll

Illustrated notes

Levels and vault maps discovered:
D:1:      tarquinn_simple_flora_water_f, layout_loops_ring, serial_shops,
          shop_statue, shapermc_ecumenical_altar_totnotflames
D:2:      layout_basic, kennysheep_generic_room_15

Skill      XL: |  1  2  3 |
---------------+----------+-----
Polearms       | 5 6 |  6.9
Fighting       | |  2.1
Throwing       | |  2.0
Dodging        | |  4.0

Action                   |  1- 3 |  4- 6 || total
-------------------------+-------+-------++-------
Melee: Trident           |   124 |    29 ||   153
       Punch             |     1 |     1 ||     2
Throw: Throwing net      |     1 |       ||     1
 Stab: Sleeping          |     1 |     1 ||     2
       Distracted        |       |     1 ||     1
Armor: Leather armour    |    29 |     2 ||    31
Dodge: Dodged            |    59 |    14 ||    73

Table legend: (Time is in decaauts)
 A = Elapsed time spent in this place.
 B = Non-inter-level travel time spent in this place.
 C = Inter-level travel time spent in this place.
 D = Time resting spent in this place.
 E = Time spent auto-exploring this place.
 F = Levels seen in this place.
 G = Mean time per level.
                   A        B        C        D        E       F      G
               +--------+--------+--------+--------+--------+-----+--------+
         Total |   1592 |   1549 |     43 |      0 |   1236 |   2 |  796.0 |
       Dungeon |   1592 |   1549 |     43 |      0 |   1236 |   2 |  796.0 |
               +--------+--------+--------+--------+--------+-----+--------+

Top non-repeatable levels by time:
     D:1: 947 daAuts
     D:2: 644 daAuts
